Unix NetHack Version 5.0.0-0 post-release - last build May  4 2026 22:22:43 (774f63e81ad911689b3a0859ea89b322d5daca8d,branch:main).

Game began 2026-05-09 18:52:50, ended 2026-05-09 19:19:40.

BeardyHaddock, lawful male dwarven Archeologist

                                 -----                                -------
                     $     $    --.|.---       *      ----------   $  |.....|
                   *            |......|             --..--.-->---   --.--..|
                              ----.....|  $          |...........|   |..||.-|
                              -........--       ----- -..........-----.--|..|
   )                            --......--     --...----...........|...| |-.--
           )                    |...`....-------.........|.---...u@...-- |...|
                              (--....--...............------ ---......|  |.^.|
                               |..<.-|--.--------...-.|    ----.......-- --..|
                          )    |)....|--..--.   |-....|    |...........|  |..|
        *  !    )             -......--......   |....--    |......---.--  ----
   $                       -....--...*...... ----.----     |...---- ---
                           |...- ---........--....|        --..----
                           --.-     --.........----    $    |.....|
                            .        |........---           |.....|
                      *    ..        |..........|           |.|.--- ----
               *  )       --         ---........-           --|.--  |..|
                                       ---).---...`      $$   |..----..|    $
                                         |`.|  -....      $   --......--
                                         ----    .---          ----..--     $
                                                 --               ----
BeardyHaddock the Field Worker  St:12 Dx:13 Co:12 In:16 Wi:15 Ch:8  Lawful
Dlvl:4  $:119 HP:0(39) Pw:13(13) AC:8  Xp:4 T:3138 

Latest messages:
 The pony kicks!
 The pony bites!
 The pony kicks!
 The pony bites!
 Are you sure you want to pray? [yn] (n) y
 You begin praying to Quetzalcoatl.
 You are surrounded by a shimmering light.
 The pony starts to attack you, but pulls back.
 The pony starts to attack you, but pulls back.
 The pony starts to attack you, but pulls back.
 The pony starts to attack you, but pulls back.
 You finish your prayer.
 You feel that Quetzalcoatl is well-pleased.
 You feel much better.
 What do you want to read? [tzF or ?*] ?
 As you read the scroll, it disappears.
 You materialize in a different location!
 The air crackles around the kobold shaman.
 The kobold shaman points at you, then curses.
 A cloud of gas puts you to sleep!
 You wake up.
 Really step onto that sleeping gas trap? [yn] (n) n
 The pony kicks!
 The pony bites!
 You begin bashing monsters with your crossbow.
 You miss the pony.
 The pony kicks!
 The pony bites!
 In what direction? 4
 The crossbow bolt hits the pony.
 The pony kicks!
 The pony bites!
 In what direction? 4
 The crossbow bolt misses the pony.
 The pony kicks!
 The pony bites!
 In what direction? 4
 The crossbow bolt hits the pony.
 The pony kicks!
 The pony bites!
 The pony kicks!
 The pony bites!
 What do you want to zap? [qDE or ?*] ?
 The pony kicks!
 You die...
 Do you want your possessions identified? [ynq] (y) y
 Do you want to see your attributes? [ynq] (y) n
 Do you want an account of creatures vanquished? [ynaq] (y) n
 Do you want to see your conduct and achievements? [ynq] (y) n
 Do you want to see the dungeon overview? [ynq] (y) n

Inventory:
 Coins    ('$')
  $ - 119 gold pieces
 Weapons  (')')
  H - 3 +0 crossbow bolts (in quiver pouch)
  I - a cursed -1 crossbow (weapon in right hand)
  a - a +2 bullwhip
  A - a +0 dwarvish mattock (alternate weapon; not wielded)
 Armor    ('[')
  c - an uncursed +0 fedora (being worn)
  s - an uncursed +0 pair of jumping boots (being worn)
  b - an uncursed +0 leather jacket (being worn)
 Comestibles  ('%')
  d - 5 uncursed food rations
  o - an uncursed sprig of wolfsbane
  i - an uncursed egg
 Scrolls  ('?')
  t - a blessed scroll of confuse monster
 Spellbooks  ('+')
  z - an uncursed spellbook of blank paper
 Rings    ('=')
  n - an uncursed ring of stealth
 Wands    ('/')
  D - a wand of light (0:12)
  E - a wand of stasis (0:3)
  q - a wand of stasis (0:1)
 Tools    ('(')
  h - an empty uncursed sack
  x - an uncursed mirror
  j - an uncursed tin whistle
  p - an uncursed tin whistle
  f - a tinning kit (0:94)
  M - an uncursed wax candle
 Gems/Stones  ('*')
  K - 2 uncursed aquamarine stones
  g - an uncursed touchstone

BeardyHaddock the Archeologist's attributes:

Background:
 You were a Field Worker, a level 4 male dwarven Archeologist.
 You were lawful, on a mission for Quetzalcoatl
 who was opposed by Camaxtli (neutral) and Huhetotl (chaotic).
 You were right-handed.
 You were in the Gnomish Mines, on level 4.
 You entered the dungeon 3138 turns ago.
 You had 132 experience points, 28 more were needed to attain level 5.

Basics:
 You had 0 out of 39 hit points.
 You had all 13 energy points (spell power).
 Your armor class was 8.
 Your wallet contained 119 zorkmids.
 Autopickup was off.

Final Characteristics:
 Your strength was 12 (limit:18/100).
 Your dexterity was 13 (limit:20).
 Your constitution was 12 (limit:20).
 Your intelligence was 16 (limit:16).
 Your wisdom was 15 (limit:16).
 Your charisma was 8 (limit:16).

Final Status:
 You weren't hungry.
 You were unencumbered.
 You were wielding a crossbow.
 You had no skill with crossbow.

Final Attributes:
 You were piously aligned.
 You had automatic searching.
 You had infravision.
 You could jump.
 You were lucky.
 You are dead.

Miscellaneous:
 You encountered 1 bones level.
 Total elapsed playing time was 26 minutes and 48 seconds.

Major events:
 Turn
    1: BeardyHaddock the lawful male dwarven Archeologist entered the dungeon
  854: entered the Gnomish Mines
  987: attained the rank of Field Worker (level 3)
 3138: killed by a pony

You didn't know any spells.

Skills:
 Fighting Skills
   bare handed combat [Unskilled]
   two weapon combat  [Unskilled]
   riding             [Unskilled]
 Weapon Skills
   dagger             [Unskilled]
   knife              [Unskilled]
   pick-axe           [Basic]
   short sword        [Unskilled]
   saber              [Unskilled]
   club               [Unskilled]
   quarterstaff       [Unskilled]
   sling              [Unskilled]
   dart               [Unskilled]
   boomerang          [Unskilled]
   whip               [Basic]
   unicorn horn       [Unskilled]
 Spellcasting Skills
   attack spells      [Unskilled]
   healing spells     [Unskilled]
   divination spells  [Unskilled]
   matter spells      [Unskilled]

Voluntary challenges:
 Character rerolling was not enabled.
 You never genocided any monsters.
 You never polymorphed an object.
 You never changed form.
 You used no wishes.
Achievements:
 You entered the Gnomish Mines.
 You attained the rank of Field Worker.
 You entered a shop.

 The Dungeons of Doom: levels 1 to 4
    Level 1:
    Level 2:
       Stairs down to The Gnomish Mines.
    Level 3:
       A fountain.
    Level 4:
       A ring shop.
 The Gnomish Mines: levels 3 to 4
    Level 3:
       Final resting place for
          spruit-Pri-Elf-Mal-Cha, killed by a boulder.
    Level 4: <- You were here.
       Final resting place for
          you, killed by a pony.


Vanquished creatures:
  a ghost
  3 gnome leaders
  a floating eye
  a dwarf
  2 dwarf zombies
  4 coyotes
  a hobbit
  a large kobold
  2 giant rats
  a cave spider
  6 gnomes
  2 gnome zombies
  6 geckos
  5 jackals
  3 foxes
  a kobold
  3 goblins
  a sewer rat
  4 grid bugs
  2 lichens
  a kobold zombie
  3 newts
54 creatures vanquished.

No species were genocided or became extinct.

Game over:
                       ----------
                      /          \
                     /    REST    \
                    /      IN      \
                   /     PEACE      \
                  /                  \
                  |  BeardyHaddock   |
                  |      119 Au      |
                  | killed by a pony |
                  |                  |
                  |                  |
                  |                  |
                  |       2026       |
                 *|     *  *  *      | *
        _________)/\\_//(\/(/\)/\//\/|_)_______

Goodbye BeardyHaddock the Archeologist...

You died in The Gnomish Mines on dungeon level 4 with 816 points,
and 119 pieces of gold, after 3138 moves.
You were level 4 with a maximum of 39 hit points when you died.

